 Dungeon Crawl Stone Soup version 0.30-a0-802-gb92711bcdf (console) character file.

Game seed: 7418435232305779247

49 petzl the Sneak (level 4, -7/35 HPs)
             Began as a Formicid Delver on Feb 24, 2023.
             Was an Initiate of Vehumet.
             Killed from afar by a white imp (12 damage)
             ... with a puff of frost
             ... on level 5 of the Dungeon.
             The game lasted 00:04:42 (491 turns).

petzl the Sneak (Formicid Delver)                    Turns: 491, Time: 00:04:42

Health: -7/35      AC:  3    Str: 17    XL:     4   Next: 2%
Magic:  7/7        EV: 12    Int: 11    God:    Vehumet [......]
Gold:   16         SH:  0    Dex: 15    Spells: 7/7 levels left

rFire   . . .      SeeInvis +    a - +0 mace
rCold   . . .      Faith    .    (no shield)
rNeg    . . .      Spirit   .    b - +0 leather armour
rPois   +          Reflect  .    (helmet unavailable)
rElec   .          Harm     .    (no cloak)
rCorr   .          Rampage  .    (no gloves)
Will    .....                    (no boots)
Stlth   +++                      (no amulet)
HPRegen 0.25/turn                j - ring of poison resistance
MPRegen 0.10/turn                (no ring)

@: no status effects
A: permanent stasis, dig shafts and tunnels, antennae 3, four strong arms
a: Dig, Shaft Self, Renounce Religion


You were on level 5 of the Dungeon.
You worshipped Vehumet.
Vehumet was noncommittal.
You visited 1 branch of the dungeon, and saw 3 of its levels.

You collected 16 gold pieces.

Inventory:

Hand Weapons
 a - a +0 mace (weapon)
Armour
 b - a +0 leather armour (worn)
Jewellery
 j - a ring of poison resistance (left hand)
Wands
 f - a wand of digging (3)
Scrolls
 c - a scroll of fog
 d - a scroll of magic mapping
 e - a scroll of fear
 h - 3 scrolls of teleportation {unknown}
Potions
 i - 2 potions of invisibility {unknown}
 k - a potion of mutation {unknown}
 l - a potion of flight {unknown}


   Skills:
 - Level 3.2 Fighting
 - Level 2.0 Maces & Flails
 - Level 1.7 Dodging
 + Level 6.8 Stealth
 + Level 2.2 Spellcasting


You had 7 spell levels left.
You didn't know any spells.
Your spell library was empty.

Dungeon Overview and Level Annotations

Branches:
Dungeon (6/15)             Temple (0/1) D:5

Altars:
Okawaru
Uskayaw
Vehumet
Xom

Shops:
D:6 *

Annotations:
D:5 exclusions: iguana, scorpion and upstairs
D:6 exclusion: 2 hounds


Innate Abilities, Weirdness & Mutations

You cannot be hasted, slowed, berserked, paralysed or teleported.
You can dig through walls and to a lower floor.
You have a pair of large antennae on your head. (SInv)
Your four strong arms can wield two-handed weapons with a shield.


Message History

The stone hits the white imp but does no damage.
Throw: stone
Press: ? - help, Q - select action, (/) - cycle Shift-Dir - straight line, f/p - white imp
Aim: a white imp (59% to hit)
You throw a stone.
The stone hits the white imp but does no damage.
The white imp gestures at you. The puff of frost hits you.
The white imp gestures at you. The puff of frost hits you!
You hit the white imp but do no damage.
The white imp hits you but does no damage.
You closely miss the white imp. The white imp barely misses you.
The white imp completely misses you.
You hit the white imp.
The white imp is heavily wounded.
The white imp hits you. The white imp freezes you.
You closely miss the white imp.
The white imp is heavily wounded.
The white imp gestures at you. The puff of frost hits you.
You hit the white imp.
The white imp is severely wounded.
The white imp gestures at you. The puff of frost misses you.
The white imp hits you. The white imp freezes you.
You closely miss the white imp.
The white imp is severely wounded.
The white imp gestures at you. The puff of frost hits you!
* * * LOW HITPOINT WARNING * * *
Okay, then.
Unknown command.
Unknown command.
Unknown command.
Unknown command.
Are you sure you want to shaft yourself?
The white imp gestures at you. The puff of frost hits you!
You die...

### #####
#######.## ##.##.
#........####.#.#.
#.#####......###..
###.# #####.## ##.
##...## ##.###..
#.....# ##.#...
#.....# ##.#..
#.....# ## ###.#
##...## ...# #..
#####.### .....#).
#.......# #....
#.###.#.# #.#..
#†###.#.# . #.##.
#.##..#.#.... .
...
####...@5......
.#..##
#...)..8.8...##
#.#.. ≈
#.#............
......≈
#....8.....8..#
#.##.#≈
#._...........# #.
# #
#....8.....8...
#.#...$......##
#......8.8....
####.........


You could see a white imp.

Vanquished Creatures
  A howler monkey (D:5)
  An adder (D:5)
  An orc (D:6)
3 creatures vanquished.

Notes
Turn   | Place    | Note
-------+----------+-------------------------------------------
     0 | D:5      | petzl the Formicid Delver began the quest for the Orb.
     0 | D:5      | Reached XP level 1. HP: 18/18 MP: 1/1
    41 | D:5      | Found a radiant altar of Vehumet.
    44 | D:5      | Became a worshipper of Vehumet
    59 | D:6      | Noticed a hound
    62 | D:6      | Found Zeegh's Assorted Antiques.
    67 | D:6      | Noticed a hound
    75 | D:6      | Noticed an orc priest
   209 | D:4      | Noticed a scorpion
   218 | D:5      | Found a staircase to the Ecumenical Temple.
   270 | D:5      | Noticed an iguana
   303 | D:5      | Noticed a scorpion
   339 | D:5      | Reached skill level 1 in Spellcasting
   339 | D:5      | Reached XP level 2. HP: 20/24 MP: 2/4
   362 | D:5      | Noticed an ice beast
   365 | D:5      | Found a shimmering altar of Xom.
   365 | D:5      | Found an iron altar of Okawaru.
   433 | D:5      | Found a hide-covered altar of Uskayaw.
   434 | D:5      | Noticed a howler monkey
   455 | D:5      | Killed a howler monkey
   456 | D:5      | Reached XP level 3. HP: 25/29 MP: 4/6
   456 | D:5      | Reached XP level 4. HP: 30/35 MP: 4/7
   491 | D:5      | Killed from afar by a white imp

Illustrated notes

Levels and vault maps discovered:
D:4:      wander_river, layout_basic, trog_three_pillars_becter, serial_shops,
          shop_fountains, shop, minmay_pentangle
D:5:      layout_loops_cross, mainiacjoe_overflow_alcove_1,
          nicolae_uskayaw_dance_hall, kennysheep_mini_moat,
          nicolae_overflow_two_pavilions, minmay_temple_entry_drinking_statues
D:6:      layout_cave_pools, nicolae_elyvilon_peaceful_grove, serial_shops,
          nicolae_shop_crystal, uniq_grinder, uniq_pikel

Skill      XL: |  1  2 |
---------------+-------+-----
Spellcasting   | 1 2 |  2.2
Fighting       | |  3.2
Maces & Flails | |  2.0
Dodging        | |  1.7
Stealth        | |  6.8

Action                     |  1- 3 |  4- 6 || total
---------------------------+-------+-------++-------
  Melee: Mace              |    10 |     6 ||    16
  Throw: Stone             |     6 |     3 ||     9
Ability: Shaft Self        |       |     1 ||     1
 Armour: Leather armour    |       |     1 ||     1
  Dodge: Dodged            |     6 |     3 ||     9

Table legend: (Time is in decaauts)
 A = Elapsed time spent in this place.
 B = Non-inter-level travel time spent in this place.
 C = Inter-level travel time spent in this place.
 D = Time resting spent in this place.
 E = Time spent auto-exploring this place.
 F = Levels seen in this place.
 G = Mean time per level.
                   A        B        C        D        E       F      G
               +--------+--------+--------+--------+--------+-----+--------+
         Total |    496 |    496 |      0 |     49 |    139 |   3 |  165.3 |
       Dungeon |    496 |    496 |      0 |     49 |    139 |   3 |  165.3 |
               +--------+--------+--------+--------+--------+-----+--------+

Top non-repeatable levels by time:
     D:5: 396 daAuts
     D:6: 98 daAuts
     D:4: 1 daAuts
